 Dungeon Crawl Stone Soup version 0.27-a0-1384-g1422d76b99 (webtiles) character file.

Game seed: 1297134259291425158

12228 dickylongcocking the Fighter (level 12, -1/91 HPs)
             Began as a Djinni Wanderer on July 1, 2021.
             Was a Believer of Makhleb.
             Hit by a large rock thrown by a stone giant (30 damage)
             ... on level 9 of the Dungeon.
             The game lasted 00:26:34 (15652 turns).

dickylongcocking the Fighter (Djinni Wanderer)     Turns: 15652, Time: 00:26:34

Health: -1/91      AC: 15    Str: 14 (15) XL:     12   Next: 17%
Gold:   1070       EV: 12    Int: 20 (23) God:    Makhleb [**....] SH:  0 Dex: 12 (13)

rFire    + + +     SeeInvis +   d - +5 battleaxe (venom)
rCold    x . .     Faith    .   (shield currently unavailable)
rNeg     + . .     Spirit   .   w - +3 scale mail {rF+}
rPois    ∞         Reflect  .   l - +0 helmet
rElec    .         Harm     .   k - +0 cloak
rCorr    .         Rampage  .   F - +0 pair of gloves
Will     +....                  (boots unavailable)
Stlth    ..........             (no amulet)
HPRegen  0.25/turn              p - ring of positive energy
MPRegen  0.00/turn              y - +6 ring of intelligence

@: flying
A: sickness immunity, fire resistance 2, cold vulnerability 1, float, innate
caster, hp casting, extra vitality 1, see invisible, sense surroundings 1,
strong 1, evolution 1
a: Renounce Religion, Minor Destruction


You were on level 9 of the Dungeon.
You worshipped Makhleb.
Makhleb was pleased with you.
You visited 2 branches of the dungeon, and saw 10 of its levels.
You also visited: Ossuary.

You collected 1070 gold pieces.

Inventory:

Hand Weapons
 a - a +0 club
 d - a +5 battleaxe of venom (weapon)
 e - a +0 dagger of freezing
 D - a +2 scimitar
 G - the +7 quarterstaff of the Lettuce {flame, Str+2}
   (You found it on level 8 of the Dungeon)

   It has been specially enchanted to burn those struck by it, causing extra
   injury to most foes and up to half again as much damage against particularly
   susceptible opponents.
   Str:       It affects your strength (+2).
 J - a +3 broad axe of draining
Armour
 b - a +0 robe
 k - a +0 cloak (worn)
 l - a +0 helmet (worn)
 m - a +0 leather armour
 w - a +3 scale mail of fire resistance (worn)
 F - a +0 pair of gloves (worn)
Magical Staves
 c - a staff of conjuration
Jewellery
 p - a ring of positive energy (left hand)
 y - a +6 ring of intelligence (right hand)
Wands
 g - a wand of flame (15)
 q - a wand of polymorph (19)
 C - a wand of acid (3)
 E - a wand of paralysis (8)
Scrolls
 f - 2 scrolls of teleportation
 n - 2 scrolls of magic mapping
 z - a scroll of vulnerability
 A - a scroll of brand weapon
 H - 3 scrolls of identify
Potions
 h - 3 potions of cancellation
 i - 2 potions of mutation
 j - a potion of lignification
 r - a potion of brilliance
 s - 2 potions of flight
 t - a potion of magic
 u - 3 potions of haste
 v - a potion of ambrosia


   Skills:
 * Level 9.9 Fighting
 - Level 1.0 Axes
 * Level 8.6 Armour
 * Level 7.6 Dodging
 - Level 1.0 Stealth
 - Level 1.0 Shields
 * Level 8.8 Spellcasting
 * Level 5.8 Evocations


You couldn't memorise any spells.
You knew the following spells:

 Your Spells              Type           Power      Damage    Failure   Level
a - Magic Dart            Conj           100%       1d8       1%          1
b - Blink                 Tloc           N/A        N/A       1%          2
c - Summon Ice Beast      Ice/Summ       44%        N/A       7%          4
d - Slow                  Hex            44%        N/A       1%          2
e - Conjure Flame         Conj/Fire      44%        6-21      2%          3
f - Corpse Rot            Necr/Air       N/A        N/A       1%          2
g - Animate Skeleton      Necr           88%        N/A       1%          1
h - Agony                 Necr           44%        N/A       21%         5
i - Summon Small Mammal   Summ           100%       N/A       1%          1
j - Summon Guardian Gole  Hex/Summ       44%        N/A       2%          3
k - Apportation           Tloc           88%        N/A       1%          1
l - Call Imp              Summ           44%        N/A       1%          2
p - Poisonous Vapours     Pois/Air       88%        N/A       1%          2
v - Vampiric Draining     Necr           22%        2d9       2%          3
x - Mephitic Cloud        Conj/Pois/Air  44%        N/A       2%          3

Your spell library contained the following spells:

 Spells                   Type           Power      Damage    Failure   Level


Dungeon Overview and Level Annotations

Branches:
Dungeon (9/15)             Temple (1/1) D:5            Lair (0/6) D:9
Ossuary (visited)
    Orc: D:9-12

Altars:
Dithmenos
Fedhas
Hepliaklqana
Kikubaaqudgha
Makhleb
Nemelex Xobeh
Qazlal
Ru
Sif Muna
Trog
Wu Jian
Xom
Yredelemnul
Zin
The Shining One


Innate Abilities, Weirdness & Mutations

You are immune to sickness and miasma.
You are immune to poison.
Your flesh is very heat resistant. (rF++)
You are vulnerable to cold. (rC-)
You float through the air rather than walking.
You learn spells naturally, not from books.
Your magical power is your life essence.
You have superior vitality. (+4 HP)
You have supernaturally acute eyesight. (SInv)
You passively map a small area around you.
Your muscles are strong. (Str +2)
You evolve.


Message History

Unknown command.
You start resting.
A stone giant is nearby!
A stone giant is nearby!
Unknown command.
A stone giant is nearby!
A stone giant is nearby!
The stone giant throws a large rock.
The large rock hits you but does no damage.
Okay, then.
The stone giant throws a large rock.
The large rock hits you!
Found a phantom mirror, 13 arrows and a brown potion.
A yak comes into view.
Casting: Magic Dart (safe; 1% risk of failure)
Confirm with . or Enter, or press ? or * to list all spells.
Okay, then.
Casting: Magic Dart (safe; 1% risk of failure)
Confirm with . or Enter, or press ? or * to list all spells.
Aiming: Poisonous Vapours (safe; 1% risk of failure)
Press: ? - help, Dir - move target, f - stone giant
Aim: a stone giant, quivering large rocks Poisonous vapours surround the stone giant!
The stone giant is poisoned.
Unknown command.
Unknown command.
Casting: Poisonous Vapours (safe; 1% risk of failure)
Confirm with . or Enter, or press ? or * to list all spells.
Aiming: Poisonous Vapours (safe; 1% risk of failure)
Press: ? - help, Dir - move target, f/p - stone giant
Aim: a stone giant, quivering large rocks (lightly wounded, very poisoned) Poisonous vapours surround the stone giant!
The stone giant looks as sick as possible!
The stone giant throws a large rock.
The large rock hits you!
* * * LOW HITPOINT WARNING * * *
Unknown command.
Unknown command.
Things that are here:
a +0 club; a +0 robe; an orc skeleton The stone giant throws a large rock.
The large rock hits you!!
You die...

#..#.###.###.#.#...
####..#.# #.# #.#.....
#>....#.###.###.#...##
#.###.#.........##....
#.###.#####.#########.
#.##..#.##......##....
#.##..#.#...#####..###
#<....#.#..##..##.##!.
#....@#.##.#.C..#.#...
##.##....##)##..C.#.}#
#.##.#...C#.##.#.#...
#.##.##..##..#.#.##..
#..#.#####...#.#..###
#....#......##.##....
##.#.#####)#########.
#...##.......###.#..
#...#.[#####..#.[.#.


You could see a stone giant (very poisoned).

Vanquished Creatures
  A boulder beetle (D:8)
  A hydra (D:9)
  Erica (D:8)
  A deep elf pyromancer (D:9)
  Pikel (D:5)
  2 cyclopes
  2 ugly things (D:8)
  2 centaur zombies
  A cane toad (shapeshifter) (D:9)
  2 trolls (D:9)
  A yak (D:8)
  3 hogs (D:8)
  A human (D:8)
  Edmund (D:5)
  A water moccasin (D:9)
  An acid dragon (D:9)
  Duvessa (D:5)
  A black bear (D:6)
  3 orc warriors
  A sky beast (D:6)
  A necrophage (D:6)
  3 small abominations (D:9)
  2 ogres
  4 centaurs
  2 phantoms (D:5)
  2 kobold brigands
  6 bullfrogs
  2 scorpions
  3 gnoll sergeants
  Dowan (D:5)
  6 killer bees (D:9)
  A water moccasin skeleton (D:5)
  11 wights
  A howler monkey (D:6)
  2 hounds
  4 jellies
  5 orc priests
  A bullfrog skeleton (D:5)
  2 centaur skeletons
  3 iguanas
  2 orc wizards
  4 mummies (Ossuary)
  7 adders
  8 gnolls
  A howler monkey skeleton (D:4)
  A white imp (D:4)
  A dart slug (D:3)
  12 orcs
  3 ball pythons (D:1)
  6 endoplasms
  5 giant cockroaches
  6 goblins
  11 hobgoblins
  2 jackals (D:2)
  15 kobolds
  4 quokkas
  5 bats
  7 frilled lizards
  4 kobold zombies (Ossuary)
  An orc zombie (Ossuary)
  7 rats
  2 rat zombies (D:4)
204 creatures vanquished.

Vanquished Creatures (collateral kills)
  A large abomination (D:9)
  Maggie (D:8)
  A gargoyle (D:9)
  A steam dragon (D:7)
  A basilisk (D:9)
  Menkaure (D:6)
  An acid dragon (D:9)
  A water moccasin (D:6)
  A hornet zombie (D:7)
  A necrophage (D:6)
  Blork the orc (D:6)
  A kobold brigand (D:9)
  A bullfrog (D:6)
  A small abomination (D:9)
  4 wights
  An orc wizard (D:6)
  4 mummies (Ossuary)
  A shadow imp (D:6)
  An orc (D:7)
  An endoplasm (D:1)
  A bat (D:1)
  A gnoll zombie (Ossuary)
  2 kobold zombies (Ossuary)
30 creatures vanquished.

Vanquished Creatures (others)
  An ugly thing (D:9)
  A gnoll sergeant (D:9)
  3 wights
  7 plants (D:9)
12 creatures vanquished.

Grand Total: 246 creatures vanquished

Notes
Turn   | Place    | Note
-------+----------+-------------------------------------------
     0 | D:1      | dickylongcocking the Djinni Wanderer began the quest for
                  | the Orb.
     0 | D:1      | Reached XP level 1. HP: 15/15 MP: 0/0
   213 | D:1      | Reached XP level 2. HP: 4/22 MP: 0/0
   249 | D:1      | Reached skill level 1 in Fighting
  1118 | D:1      | Reached XP level 3. HP: 24/27 MP: 0/0
  1118 | D:1      | Learned a level 1 spell: Apportation
  1515 | D:2      | Found a faded altar of an unknown god.
  1531 | D:2      | Reached skill level 2 in Fighting
  1535 | D:2      | Reached XP level 4. HP: 24/33 MP: 0/0
  2355 | D:3      | Reached skill level 3 in Fighting
  2355 | D:3      | Reached XP level 5. HP: 21/40 MP: 0/0
  2355 | D:3      | Learned a level 2 spell: Poisonous Vapours
  3016 | D:3      | Reached skill level 5 in Spellcasting
  3041 | D:3      | Reached XP level 6. HP: 19/47 MP: 0/0
  3297 | D:3      | Reached skill level 4 in Fighting
  4503 | D:4      | Found a sand-covered staircase.
  4514 | Ossuary  | Entered an ossuary
  4526 | Ossuary  | Reached XP level 7. HP: 45/53 MP: 0/0
  4526 | Ossuary  | Learned a level 2 spell: Corpse Rot
  5232 | D:5      | Entered Level 5 of the Dungeon
  5232 | D:5      | Noticed Edmund
  5275 | D:5      | Killed Edmund
  5276 | D:5      | Reached skill level 5 in Fighting
  5855 | D:5      | Reached XP level 8. HP: 44/60 MP: 0/0
  5994 | D:5      | Noticed Duvessa
  5994 | D:5      | Noticed Dowan
  6010 | D:5      | Killed Dowan
  6028 | D:5      | Killed Duvessa
  6029 | D:5      | Reached skill level 6 in Fighting
  6354 | D:5      | Found a staircase to the Ecumenical Temple.
  6372 | Temple   | Entered the Ecumenical Temple
  6410 | Temple   | Became a worshipper of Makhleb the Destroyer
  6619 | D:5      | Found an ornate altar of the Wu Jian Council.
  6687 | D:5      | Noticed Pikel
  6703 | D:5      | Killed Pikel
  6704 | D:5      | Reached XP level 9. HP: 55/67 MP: 0/0
  6704 | D:5      | Learned a level 4 spell: Summon Ice Beast
  6929 | D:6      | Reached skill level 7 in Fighting
  6939 | D:6      | Reached skill level 1 in Dodging
  6940 | D:6      | Noticed Blork the orc
  6951 | D:6      | Gained mutation: You evolve. [potion of mutation]
  6951 | D:6      | Gained mutation: You passively map a small area around you.
                  | [potion of mutation]
  6954 | D:6      | Reached skill level 5 in Armour
  6971 | D:6      | Killed Blork the orc
  7536 | D:6      | Noticed Menkaure
  7547 | D:6      | Killed Menkaure
  8492 | D:6      | Found a basalt altar of Yredelemnul.
  9436 | D:7      | Reached XP level 10. HP: 56/76 MP: 0/0
 10095 | D:8      | Noticed a cyclops
 10095 | D:8      | Noticed Erica
 10255 | D:7      | Gained mutation: You have supernaturally acute eyesight.
                  | (SInv) [evolution]
 10276 | D:8      | Killed a cyclops
 10277 | D:8      | Reached skill level 8 in Fighting
 10277 | D:8      | Reached skill level 1 in Evocations
 10452 | D:8      | Killed Erica
 10461 | D:8      | Identified the +7 quarterstaff of the Lettuce {flame,
                  | Str+2}
 10693 | D:8      | Found a glowing silver altar of Zin.
 10813 | D:8      | Reached skill level 5 in Dodging
 11239 | D:8      | Reached * piety under Makhleb
 11546 | D:8      | Noticed Maggie
 11559 | D:8      | Killed Maggie
 11560 | D:8      | Reached XP level 11. HP: 67/82 MP: 0/0
 11560 | D:8      | Learned a level 5 spell: Agony
 11759 | D:9      | Noticed a deep elf pyromancer
 11779 | D:9      | Killed a deep elf pyromancer
 11780 | D:9      | Reached skill level 9 in Fighting
 12249 | D:9      | Noticed a centaur warrior
 12252 | D:9      | Noticed a stone giant
 12262 | D:9      | Noticed a cyclops
 12275 | D:9      | Killed a cyclops
 12552 | D:9      | Noticed a purple ugly thing
 12552 | D:9      | Noticed a brown ugly thing
 12552 | D:9      | Noticed a boulder beetle
 12553 | D:9      | Noticed a purple ugly thing
 12572 | D:8      | Killed a purple ugly thing
 12814 | D:8      | Killed a boulder beetle
 12830 | D:8      | Killed a purple ugly thing
 12831 | D:8      | Reached skill level 5 in Evocations
 13272 | D:9      | Killed a cyan ugly thing
 13581 | D:9      | Found a staircase to the Lair.
 13617 | D:9      | HP: 1/85 [stone giant (30)]
 13622 | D:9      | Noticed a five-headed hydra
 13659 | D:9      | Reached ** piety under Makhleb
 13672 | D:9      | Killed a five-headed hydra
 13673 | D:9      | Reached XP level 12. HP: 29/91 MP: 0/0
 14162 | D:9      | Gained mutation: Your muscles are strong. (Str +2)
                  | [evolution]
 15583 | D:9      | Noticed a large abomination
 15652 | D:9      | Hit by a large rock thrown by a stone giant

Illustrated notes

Levels and vault maps discovered:
D:1:      scummos_arrival_star, layout_rooms, moated_statue, minmay_box_of_dots
D:2:      layout_loops_ring, ebering_ecumenical_altar_box
D:3:      layout_loops_corners
D:4:      layout_rooms, enter_ossuary_4
D:5:      layout_rooms, amcnicky_altar_gilded, minmay_temple_entry_statues,
          lemuel_flame_loot_1, uniq_duvessa, uniq_edmund, uniq_pikel
D:6:      layout_loops_ring, lemuel_coloured_pillars_altar, uniq_menkaure,
          uniq_blork_the_orc
D:7:      layout_gridville, marbit_many_paths, chequers_serial_rivers_micro_c
D:8:      layout_basic, lemuel_crystal_altar, grunt_livestock,
          kennysheep_small_spiral, minmay_sticks_and_stones, uniq_erica,
          uniq_maggie
D:9:      minmay_the_grid_3x3 [minmay_the_grid_garden, minmay_the_grid_eight,
          minmay_the_grid_aliased_spiral, minmay_the_grid_dragon_a,
          minmay_the_grid_diamond_grid, minmay_the_grid_minigrid_large,
          minmay_the_grid_fan, minmay_the_grid_dragon_b,
          minmay_the_grid_prize_inner_circle], layout_loops_cross,
          lair_entry_dummy, laboratory
Temple:   regret_index_temple_mists

Skill      XL: |  1  2  3  4  5  6  7  8  9 10 11 |
---------------+----------------------------------+-----
Fighting       | 1 2 3 4 5 6 7 8 9 |  9.9
Spellcasting   | 5 6 7 8 |  8.8
Armour         | 4 5 7 8 |  8.6
Dodging        | 3 5 7 |  7.6
Evocations     | 3 5 |  5.8
Axes           | |  1.0
Stealth        | |  1.0
Shields        | |  1.0

Action                   |  1- 3 |  4- 6 |  7- 9 | 10-12 || total
-------------------------+-------+-------+-------+-------++-------
Melee: Unarmed           |       |       |    14 |     4 ||    18
       Staff             |       |       |    10 |     9 ||    19
       Quarterstaff      |       |       |       |    34 ||    34
       Broad axe         |       |       |       |    69 ||    69
       Battleaxe         |       |       |       |    29 ||    29
Throw: Throwing net      |       |     1 |       |       ||     1
 Cast: Magic Dart        |    56 |   136 |   168 |    36 ||   396
       Call Imp          |     2 |       |     4 |     3 ||     9
       Blink             |     1 |       |       |       ||     1
       Mephitic Cloud    |       |     7 |     9 |    11 ||    27
       Poisonous Vapours |       |     3 |    48 |    47 ||    98
       Summon Guardian G |       |       |     8 |     7 ||    15
       Summon Small Mamm |       |       |     1 |       ||     1
       Summon Ice Beast  |       |       |    16 |    21 ||    37
       Apportation       |       |       |     1 |       ||     1
       Vampiric Draining |       |       |       |    75 ||    75
       Agony             |       |       |       |     2 ||     2
       Corpse Rot        |       |       |       |     1 ||     1
Evoke: Wand              |       |       |       |     6 ||     6
  Use: Scroll            |       |     4 |     9 |    14 ||    27
       Potion            |       |       |     4 |    12 ||    16
 Stab: Confused          |       |       |       |     1 ||     1
Armor: Robe              |     3 |     1 |       |       ||     4
       Leather armour    |       |     4 |    12 |       ||    16
       Scale mail        |       |       |    68 |   187 ||   255
       Skin              |       |       |     5 |     5 ||    10
Dodge: Dodged            |     8 |    16 |    72 |   215 ||   311

Table legend: (Time is in decaauts)
 A = Elapsed time spent in this place.
 B = Non-inter-level travel time spent in this place.
 C = Inter-level travel time spent in this place.
 D = Time resting spent in this place.
 E = Time spent auto-exploring this place.
 F = Levels seen in this place.
 G = Mean time per level.
                   A        B        C        D        E       F      G
               +--------+--------+--------+--------+--------+-----+--------+
         Total |  15714 |  15516 |    198 |   3379 |   9971 |  11 | 1428.5 |
       Dungeon |  15107 |  14924 |    183 |   3379 |   9519 |   9 | 1678.6 |
        Temple |     54 |     39 |     15 |      0 |     30 |   1 |   54.0 |
       Ossuary |    552 |    552 |      0 |      0 |    422 |   1 |  552.0 |
               +--------+--------+--------+--------+--------+-----+--------+

Top non-repeatable levels by time:
     D:8: 2718 daAuts
     D:9: 2579 daAuts
     D:7: 1840 daAuts
     D:6: 1674 daAuts
     D:3: 1597 daAuts
     D:1: 1347 daAuts
     D:4: 1208 daAuts
     D:5: 1143 daAuts
     D:2: 997 daAuts
 Ossuary: 552 daAuts
  Temple: 54 daAuts
